Description

Inno's blue flame hellbat timing attack at the IEM Katowice 2020 Quarter Finals

VOD

https://youtu.be/MxuAVbtkE7k?t=843

Replay - INnoVation v Serral: Game 2 - Eternal Empire LE

Build Order

Get SALT Encoding   

  12  0:00  SCV  
  13  0:12  SCV  
  14  0:17  Supply Depot  
  14  0:24  SCV  
  15  0:38  SCV  
  15  0:40  Barracks  
  16  0:44  Refinery  
  16  0:50  SCV  
  17  1:03  SCV  
  18  1:15  SCV  
  19  1:27  Reaper, Orbital Command  
  20  1:40  Command Center  
  20  1:51  Supply Depot  
  20  1:52  SCV  
  21  1:58  Marine  
  22  2:04  SCV  
  22  2:08  Factory  
  23  2:13  Refinery  
  23  2:16  SCV  
  23  2:21  Barracks Reactor  
  26  2:49  Factory  
  26  2:53  Orbital Command  
  27  3:01  Hellion x2  
  32  3:08  Starport  
  32  3:13  Barracks Tech Lab  
  34  3:25  Hellion x2  
  38  3:29  Supply Depot  
  38  3:32  Factory Tech Lab  
  38  3:35  Marine  
  39  3:45  Viking  
  41  3:49  Hellion x2  
  41  3:51  Infernal Pre-Igniter  
  41  3:54  Hellion  
  47  4:00  Supply Depot  
  47  4:01  Marine  
  49  4:12  Armory  
  49  4:13  Hellion x2  
  53  4:25  Hellion  
  53  4:26  Medivac  
  53  4:27  Supply Depot  
  64  4:56  Medivac  
  70  5:34  Liberator  
  69  6:09  Stimpack, Marine  
  68  6:15  Siege Tank  
  71  6:25  Command Center  
  71  6:28  Marine  
  71  6:29  Bunker  
  74  6:33  Barracks  
  74  6:37  Starport Reactor  
  74  6:41  Barracks  
  74  6:43  Refinery x2  
  74  6:44  Factory Tech Lab  
  76  6:49  Engineering Bay x2, Marine  
  78  7:15  Barracks x2  
  78  7:25  Barracks Reactor, Marine x3  
  76  7:33  Siege Tank  
  82  7:39  Orbital Command  
  82  7:42  Marine  
  82  7:43  Factory Tech Lab  
  86  7:51  Medivac x2  
  91  8:03  Barracks Reactor x2  
  99  8:17  Bunker  
Spawning Tool Build Advisor. Get it on Overwolf

Go to:

Details

  • Created by: TrollMudkipz
  • Published on: Mar 02, 2020
  • Modified on: Mar 02, 2020
  • Patch: 4.11.0
Show
View Real Time Build Order
Export as new Build Order

Comments (0)

There are no comments. Be the first!

Create an account to comment!